 Dungeon Crawl Stone Soup version 0.25-a0-1024-gbfbf38f2cb (webtiles) character file.

Game seed: 5348367409421071435, levelgen mode: deterministic

292 Flugslaktarn the Chopper (level 6, -2/43 HPs)
             Began as an Octopode Fighter on May 12, 2020.
             Slain by an iguana (14 damage)
             ... on level 4 of the Dungeon.
             The game lasted 00:01:22 (3412 turns).

Flugslaktarn the Chopper (Octopode Fighter)         Turns: 3412, Time: 00:01:23

Health: -2/43      AC:  1    Str: 15    XL:     6   Next: 33%
Magic:  6/6        EV: 12    Int: 11    God:
Gold:   198        SH:  9    Dex: 13    Spells: 5/5 levels left

rFire    . . .     SeeInvis .   a - +0 war axe
rCold    . . .     Gourm    .   b - +0 kite shield
rNeg     . . .     Faith    .   (helmet restricted)
rPois    .         Spirit   .   (no amulet)
rElec    .         Reflect  .   (no ring)
rCorr    .         Harm     .   (no ring)
MR       .....                  (no ring)
Stlth    ++........             (no ring)
HPRegen  0.14/turn              (no ring)
MPRegen  0.10/turn              (no ring)
                                (no ring)
                                (no ring)

@: no status effects
A: almost no armour, stealthy swim, amphibious, 8 rings, constrict 8, camouflage
1, gelatinous body 1
a: no special abilities


You were on level 4 of the Dungeon.
You were not hungry.

You visited 1 branch of the dungeon, and saw 4 of its levels.

You collected 198 gold pieces.

Inventory:

Hand Weapons
 a - a +0 war axe (weapon)
Armour
 b - a +0 kite shield (worn)
Jewellery
 e - a +3 ring of evasion {unknown}
   (You found it on level 1 of the Dungeon)
Wands
 t - a wand of clouds (6)
   (You found it on level 4 of the Dungeon)
Scrolls
 f - 2 scrolls of magic mapping {unknown}
 h - 2 scrolls of random uselessness {unknown}
 j - 5 scrolls of identify {unknown}
 l - a scroll of teleportation {unknown}
 m - 2 scrolls of remove curse {unknown}
 n - a scroll of enchant armour {unknown}
 o - a scroll of amnesia {unknown}
 p - 2 scrolls of enchant weapon {unknown}
 s - a scroll of fog {unknown}
Potions
 d - 2 potions of might
 g - a potion of haste {unknown}
 i - a potion of degeneration {unknown}
 k - a potion of mutation {unknown}
 q - a potion of curing {unknown}
 u - a potion of ambrosia {unknown}
Comestibles
 c - a ration
 r - 6 chunks of flesh


   Skills:
 + Level 4.1 Fighting
 * Level 4.3 Axes
 + Level 4.0 Dodging
 + Level 4.0 Shields


You had 5 spell levels left.
You didn't know any spells.
Your spell library was empty.

Dungeon Overview and Level Annotations

Branches:
Dungeon (4/15)
 Temple: D:4-7

Altars:
Dithmenos
Elyvilon
Trog
Wu Jian


Innate Abilities, Weirdness & Mutations

You cannot wear most types of armour.
You are very stealthy in the water. (Stealth+)
You are amphibious.
You can wear up to eight rings at the same time.
You can use your tentacles to constrict eight enemies at once.
Your skin changes colour to match your surroundings (Stealth+).
Your rubbery body absorbs attacks. (AC +1, EV +1)


Message History

You hit the iguana. You grab the iguana.
The iguana is moderately wounded.
You barely miss the orc.
You constrict the iguana, but do no damage.
You block the orc's attack. The iguana bites you!
* * * LOW HITPOINT WARNING * * *
The orc hits you.
* * * LOW HITPOINT WARNING * * *
You are too injured to fight recklessly!
You are too injured to fight recklessly!
You are too injured to fight recklessly!
There are monsters nearby!
There are monsters nearby!
You are too injured to fight recklessly!
You release your grip on the iguana.
There is an open door here.
There is an open door here.
There is an open door here.
The iguana bites you!
You die...

. .. ##+############# #
#.....#......#...##..## #
#............o........# #
#............#........# #
#.......#..l.#........# #
#......#>#@..#..o.....# #
#.......#....#........# #
#............#..###'#######
#...........##..#..........
#.....#.....#...#..........
#.... #.....#...#..........
#... #.....#...#..........
#.. #.....#. #.......... #.
#.....# #..........


You could see an iguana and an orc.

Vanquished Creatures
  An orc priest (D:3)
  Jessica (D:3)
  An iguana (D:4)
  A worker ant (D:4)
  Robin (D:3)
  6 adders
  An ooze (D:1)
  An adder skeleton (D:4)
  6 worms
  2 dart slugs (D:1)
  4 leopard geckos
  6 orcs
  2 giant cockroaches
  17 goblins
  8 hobgoblins
  8 jackals
  7 kobolds
  2 ball pythons
  6 bats
  2 frilled lizards
  9 rats
92 creatures vanquished.

Vanquished Creatures (others)
  A quokka (D:4)
  4 toadstools (D:1)
5 creatures vanquished.

Grand Total: 97 creatures vanquished

Notes
Turn   | Place    | Note
-------+----------+-------------------------------------------
     0 | D:1      | Flugslaktarn the Octopode Fighter began the quest for the
                  | Orb.
     0 | D:1      | Reached XP level 1. HP: 16/16 MP: 1/1
    90 | D:1      | Reached XP level 2. HP: 21/21 MP: 2/2
   341 | D:1      | Reached XP level 3. HP: 22/26 MP: 3/3
  1012 | D:2      | Reached XP level 4. HP: 31/31 MP: 4/4
  1560 | D:2      | Found a bloodstained altar of Trog.
  1943 | D:3      | Found an ornate altar of the Wu Jian Council.
  2047 | D:3      | Reached XP level 5. HP: 32/37 MP: 5/5
  2515 | D:3      | Noticed Jessica
  2517 | D:3      | Noticed Robin
  2759 | D:3      | Killed Jessica
  2763 | D:3      | Killed Robin
  2909 | D:3      | Found a shadowy altar of Dithmenos.
  3094 | D:4      | Reached XP level 6. HP: 37/43 MP: 6/6
  3203 | D:4      | Found a white marble altar of Elyvilon.
  3412 | D:4      | Slain by an iguana

Illustrated notes

Levels and vault maps discovered:
D:1:      ldierk_water_garden, layout_loops_ring
D:2:      layout_basic, lightli_temple_of_fire, kennysheep_path_1
D:3:      layout_basic, nicolae_overflow_crystal_walls,
          overflow_temple_1_default, uniq_jessica, uniq_robin
D:4:      layout_gridville, elyvilon_altar_4, minmay_temple_entry_grid,
          gammafunk_ghost_cemetery, st_stairs_14

Skill      XL: |  1  2  3  4  5  6 |
---------------+-------------------+-----
Axes           | 3 4 |  4.3
Fighting       | 4 |  4.1
Dodging        | 4 |  4.0
Shields        | 4 |  4.0

Action                   |  1- 3 |  4- 6 || total
-------------------------+-------+-------++-------
Melee: War axe           |    47 |   105 ||   152
       Constrict         |    20 |    26 ||    46
       Tentacles         |     7 |    14 ||    21
 Stab: Sleeping          |    11 |     5 ||    16
  Eat: Chunk             |       |     8 ||     8
Armor: Skin              |       |     7 ||     7
Dodge: Dodged            |    21 |    58 ||    79
Block: Kite shield       |    11 |    58 ||    69

Table legend:
 A = Non-vault XP
 B = Vault XP
 C = Vault XP percentage of total XP
 D = Non-vault monster count
 E = Vault monster count
 F = Vault count percentage of total count
                 A         B        C        D         E       F
            +---------+---------+-------+---------+---------+-------
      Total |     340 |      78 |  18.7 |      77 |      15 |  16.3
            +---------+---------+-------+---------+---------+-------
        D:1 |      52 |       0 |   0.0 |      25 |       0 |   0.0
        D:2 |      89 |       0 |   0.0 |      26 |       0 |   0.0
        D:3 |      76 |      74 |  49.3 |      13 |      13 |  50.0
        D:4 |     123 |       4 |   3.1 |      13 |       2 |  13.3
            +---------+---------+-------+---------+---------+-------
